 Dungeon Crawl Stone Soup version 0.32-a0-768-g0f6f1dd4b9 (webtiles) character file.

Game seed: 9263993049345466772

112 Drazool the Magician (level 4, 0/30 HPs)
             Began as a Mummy Necromancer on Mar 18, 2024.
             Slain by a sleepcap (4 damage)
             ... on level 4 of the Dungeon.
             The game lasted 00:06:34 (2514 turns).

Drazool the Magician (Mummy Necromancer)            Turns: 2514, Time: 00:06:35

Health: 0/30       AC:  2    Str: 11    XL:     4   Next: 63%
Magic:  1/11       EV: 11    Int: 16    God:
Gold:   91         SH:  0    Dex: 18    Spells: 5/13 levels left

rFire   x . .        e - +2 dagger (flame)
rCold   + . .        (no shield)
rNeg    + + +        a - +0 robe
rPois   ∞            (no helmet)
rElec   .            (no cloak)
rCorr   .            (no gloves)
SInv    .            (no boots)
Will    .....        (no amulet)
Stlth   ++           D - +6 ring of dexterity
HPRegen 0.25/turn    (no ring)
MPRegen 0.12/turn

%: faith
@: no status effects
A: cold resistance 1, negative energy resistance 3, torment resistance 2, heat
vulnerability 1, in touch with death 1, no potions, faith
a: no special abilities


You were on level 4 of the Dungeon.
You visited 1 branch of the dungeon, and saw 4 of its levels.

You collected 91 gold pieces.


Innate Abilities, Weirdness & Mutations

You are immune to poison.
Your flesh is cold resistant. (rC+)
You are immune to negative energy. (rN+++)
You are immune to unholy pain and torment.
You are vulnerable to heat. (rF-)
You are in touch with the powers of death.
You do not drink.
You have a special connection with the divine. (Faith)


   Skills:
 - Level 1.5 Dodging
 - Level 1.5 Stealth
 - Level 5.0 Spellcasting
 + Level 4.9 Necromancy


You had 5 spell levels left.
You knew the following spells:

 Your Spells              Type           Power      Damage    Failure   Level
a - Animate Dead          Necr           29%        N/A       21%         4
v - Vampiric Draining     Necr           29%        2d8       6%          3
X - Necrotise             Necr           100%       1d9       1%          1

Your spell library contained the following spells:

 Spells                   Type           Power      Damage    Failure   Level
 Curse of Agony           Necr           29%        N/A       50%         5

Inventory:

Hand Weapons
 b - a +0 short sword
 e - a +2 dagger of flaming (weapon)
Armour
 a - a +0 robe (worn)
Jewellery
 D - a +6 ring of dexterity (left hand)
Scrolls
 c - 2 scrolls of identify {@r1}
 d - a scroll of enchant armour

Dungeon Overview and Level Annotations

Branches:
Dungeon (4/15)
 Temple: D:4-7

Altars:

Annotations:
D:4 Natasha, Robin

...
░░░░░░+####
.. # #.####░░
# #.gS)..░
g#.####.░ .
...g..gg░ ░.░
#.g.####.░...
##...####S'░
.......@fg#
##...######
#.. #


You could see a sleepcap, an adder and a goblin.


Message History

A ball python comes into view.
Unknown command.
As you read the scroll of fear, it crumbles to dust.
You assume a fearsome visage.
Robin looks frightened!
The goblin looks frightened!
The hobgoblin looks frightened!
The goblin looks frightened! x2; The sleepcap is unaffected.
The ball python looks frightened!
The ball python hisses angrily.
The adder looks frightened!
Cornered, the adder turns to fight!
Unknown command.
The sleepcap barely misses you.
A goblin comes into view. It is wielding a +0 dagger.
The sleepcap releases spores at you.
* * * LOW HITPOINT WARNING * * *
Robin attacks as they pursue you! Robin closely misses you.
Robin throws the goblin at you!
* * * LOW HITPOINT WARNING * * *
The sleepcap attacks as it pursues you! The sleepcap closely misses you.
The goblin misses you.
You hit the sleepcap. You burn the sleepcap.
The sleepcap is lightly damaged.
You hit the sleepcap but do no damage.
The sleepcap is lightly damaged.
The sleepcap releases spores at you.
* * * LOW HITPOINT WARNING * * *
Something unseen opens the door.
You hit the sleepcap. You burn the sleepcap.
The sleepcap is moderately damaged.
The sleepcap releases spores at you.
You die...

Skill      XL: |  1  2  3  4 |
---------------+-------------+-----
Spellcasting   | 3 4 5 |  5.0
Dodging        | |  1.5
Stealth        | |  1.5
Necromancy     | |  4.9

Action                     |  1- 3 |  4- 6 || total
---------------------------+-------+-------++-------
  Melee: Dagger            |     1 |    10 ||    11
   Cast: Necrotise         |    64 |    34 ||    98
         Vampiric Draining |     1 |     3 ||     4
    Use: Scroll            |       |     5 ||     5
 Armour: Robe              |     4 |    18 ||    22
  Dodge: Dodged            |     5 |    17 ||    22

Levels and vault maps discovered:
D:1:      ebering_trefoil_twist, layout_basic, minmay_heptomino_d4
D:2:      layout_basic, ebering_ecumenical_altar_abandoned
D:3:      layout_basic, ebering_ghost_reflecting_pool
D:4:      layout_basic, mainiacjoe_overflow_swirl, portal_sewer_entry_e,
          uniq_robin, uniq_natasha

Notes
Turn   | Place    | Note
-------+----------+-------------------------------------------
     0 | D:1      | Drazool the Mummy Necromancer began the quest for the Orb.
     0 | D:1      | Reached XP level 1. HP: 13/13 MP: 4/4
   227 | D:1      | Reached XP level 2. HP: 19/19 MP: 1/5
   366 | D:1      | Reached skill level 3 in Spellcasting
  1061 | D:2      | Reached XP level 3. HP: 24/24 MP: 6/8
  1111 | D:2      | Reached skill level 4 in Spellcasting
  1156 | D:2      | Learned a level 3 spell: Vampiric Draining
  1490 | D:2      | Reached XP level 4. HP: 29/30 MP: 6/10
  1620 | D:2      | Reached skill level 5 in Spellcasting
  1847 | D:2      | Found a faded altar of an unknown god.
  2022 | D:3      | Learned a level 4 spell: Animate Dead
  2322 | D:3      | Noticed a gnoll sergeant
  2471 | D:4      | Noticed Natasha
  2483 | D:4      | Noticed Robin
  2514 | D:4      | Slain by a sleepcap

Vanquished Creatures
  5 adders
  2 ribbon worms (D:2)
  4 bats (D:2)
  9 endoplasms
  A giant cockroach (D:3)
  8 goblins
  6 hobgoblins
  3 jackals (D:1)
  5 kobolds
  2 quokkas
  7 ball pythons
  3 frilled lizards
  3 rats
58 creatures vanquished.

Table legend: (Time is in decaauts)
 A = Elapsed time spent in this place.
 B = Non-inter-level travel time spent in this place.
 C = Inter-level travel time spent in this place.
 D = Time resting spent in this place.
 E = Time spent auto-exploring this place.
 F = Levels seen in this place.
 G = Mean time per level.
                   A        B        C        D        E       F      G
               +--------+--------+--------+--------+--------+-----+--------+
         Total |   2512 |   2479 |     33 |     83 |   1942 |   4 |  628.0 |
       Dungeon |   2512 |   2479 |     33 |     83 |   1942 |   4 |  628.0 |
               +--------+--------+--------+--------+--------+-----+--------+

Top non-repeatable levels by time:
     D:2: 1012 daAuts
     D:1: 995 daAuts
     D:3: 330 daAuts
     D:4: 173 daAuts

Table legend:
 A = Non-vault XP
 B = Vault XP
 C = Vault XP percentage of total XP
 D = Non-vault monster count
 E = Vault monster count
 F = Vault count percentage of total count
                 A         B        C        D         E       F
            +---------+---------+-------+---------+---------+-------
      Total |     148 |      12 |   7.5 |      51 |       7 |  12.1
            +---------+---------+-------+---------+---------+-------
        D:1 |      34 |       4 |  10.5 |      19 |       2 |   9.5
        D:2 |      79 |       0 |   0.0 |      24 |       0 |   0.0
        D:3 |      19 |       0 |   0.0 |       5 |       0 |   0.0
        D:4 |      16 |       8 |  33.3 |       3 |       5 |  62.5
            +---------+---------+-------+---------+---------+-------
